 Dungeon Crawl Stone Soup version 0.30.0-16-gbe6223bb7e (webtiles) character file.

Game seed: 13107990624072747236

35 Twinkles the Chopper (level 3, 0/33 HPs)
             Began as a Hill Orc Monk on May 20, 2023.
             Succumbed to a goblin's poison
             ... on level 2 of the Dungeon.
             The game lasted 00:01:42 (939 turns).

Twinkles the Chopper (Hill Orc Monk)                 Turns: 939, Time: 00:01:43

Health: 0/33       AC:  2    Str: 15    XL:     3   Next: 35%
Magic:  3/3        EV: 12    Int: 10    God:
Gold:   44         SH:  0    Dex: 13    Spells: 2/2 levels left

rFire   . . .        a - +0 hand axe
rCold   . . .        d - orb {light}
rNeg    . . .        b - +0 robe
rPois   .            (no helmet)
rElec   .            (no cloak)
rCorr   .            (no gloves)
SInv    .            (no boots)
Will    .....        (no amulet)
Stlth   +            (no ring)
HPRegen 0.25/turn    (no ring)
MPRegen 0.08/turn

%: no passive effects
@: lethally poisoned (0 -> -2), hasted, glowing, very quick
A: no striking features
a: no special abilities


You were on level 2 of the Dungeon.
You visited 1 branch of the dungeon, and saw 2 of its levels.

You collected 64 gold pieces.
You spent 20 gold pieces at shops.

Inventory:

Hand Weapons
 a - a +0 hand axe (weapon)
 i - a +2 dagger of venom
Armour
 b - a +0 robe (worn)
 d - an orb of light (worn)
Scrolls
 e - a scroll of vulnerability {unknown}
 f - a scroll of amnesia {unknown}
 g - a scroll of poison {unknown}
 h - a scroll of immolation {unknown}
 Z - 3 scrolls of identify
Potions
 C - a potion of cancellation
 G - a potion of ambrosia


   Skills:
 + Level 4.2 Fighting
 + Level 4.6 Axes
 + Level 2.8 Dodging


You had 2 spell levels left.
You didn't know any spells.
Your spell library was empty.

Dungeon Overview and Level Annotations

Branches:
Dungeon (2/15) Zot: 11056

Altars:

Shops:
D:1 *


Message History

HP restored.
A goblin comes into view. It is wielding a +2 dagger of venom.
The goblin shouts!
You barely miss the goblin.
The goblin hits you with a +2 dagger of venom.
You are poisoned.
You closely miss the goblin.
You feel very sick.
The goblin hits you with a +2 dagger of venom.
You are lethally poisoned!
You are too injured to fight recklessly!
You are too injured to fight recklessly!
You hit the goblin.
You kill the goblin!
You feel very sick.
You feel very sick.
You see here a +2 dagger of venom.
i - a +2 dagger of venom
* * * LOW HITPOINT WARNING * * *
You feel very sick.
There is a lethal amount of poison in your body!
It was a potion of cancellation.
You feel magically purged.
C - a potion of cancellation
* * * LOW HITPOINT WARNING * * *
You feel sick.
It was a potion of haste.
You feel yourself speed up.
* * * LOW HITPOINT WARNING * * *
You feel sick.
* * * LOW HITPOINT WARNING * * *
You feel sick.
Okay, then.
Unknown command.
There is a lethal amount of poison in your body!
* * * LOW HITPOINT WARNING * * *
You feel sick.
* * * LOW HITPOINT WARNING * * *
You feel sick.
* * * LOW HITPOINT WARNING * * *
You feel sick.
You die...

#........# #.......
#####........# #.......
#............# #.......
#............# #.......
#............# #.......
###............###.######
+........................
#......####............
#.....@# #........####
#......# #........####
#......# #...........#
#......# #...........#
#......# #...........#
#....... #...........#
#........ #...........#
####......#........####
#......######.......


There were no monsters in sight!

Vanquished Creatures
  2 dart slugs
  4 ball pythons
  3 bats (D:1)
  2 endoplasms (D:2)
  A giant cockroach (D:1)
  2 hobgoblins (D:1)
  3 jackals (D:1)
  2 frilled lizards (D:1)
  5 goblins
  5 rats (D:1)
29 creatures vanquished.

Notes
Turn   | Place    | Note
-------+----------+-------------------------------------------
     0 | D:1      | Twinkles the Hill Orc Monk began the quest for the Orb.
     0 | D:1      | Reached XP level 1. HP: 19/19 MP: 1/1
    94 | D:1      | Found Ecaidu's General Store.
   166 | D:1      | Reached XP level 2. HP: 22/27 MP: 2/2
   487 | D:1      | Reached XP level 3. HP: 25/33 MP: 3/3
   807 | D:1      | Bought a scroll of identify for 20 gold pieces
   930 | D:2      | HP: 9/33 [poisoned by a goblin]
   933 | D:2      | HP: 3/33 [poisoned by a goblin]
   937 | D:2      | HP: 1/33 [poisoned by a goblin]
   939 | D:2      | Succumbed to a goblin's poison

Illustrated notes

Levels and vault maps discovered:
D:1:      lightli_arrival_maybe_door_vault, layout_basic, serial_shops,
          nicolae_shop_getting_attention
D:2:      layout_basic, hellmonk_ecumenical_altar_arch_garden, minmay_mini_jars

Skill      XL: |  1  2 |
---------------+-------+-----
Fighting       | 4 |  4.2
Axes           | |  4.6
Dodging        | |  2.8

Action                     || total
---------------------------++-------
  Melee: Hand axe          ||    79
    Use: Potion            ||     2
 Armour: Robe              ||    12
  Dodge: Dodged            ||    46
